 Dungeon Crawl Stone Soup version bcrawl-1.15.1-4-g77d781cab4 (webtiles) character file.

Game seed: 3469050637294184330

327 Leekoo the Poker (level 6, -3/47 HPs)
             Began as a Merfolk Gladiator on Oct 7, 2019.
             Slain by a slave (8 damage)
             ... led by Pikel
             ... on level 3 of the Dungeon.
             The game lasted 00:22:26 (2976 turns).

Leekoo the Poker (Merfolk Gladiator)                Turns: 2976, Time: 00:22:27

Health: -3/47      AC:  6    Str: 17    XL:     6   Next: 50%
Magic:  6/6        EV: 14    Int:  7    God:
Gold:   156        SH:  0    Dex: 15    Spells: 5/5 levels left

rFire    . . .     SeeInvis +   a - +0 trident
rCold    . . .     Gourm    .   (no shield)
rNeg     . . .     Faith    .   n - +0 ring mail {rPois}
rPois    +         Spirit   .   c - +0 helmet
rElec    .         Reflect  .   (no cloak)
rCorr    .         Harm     .   (no gloves)
MR       .....                  (no boots)
Stlth    +.........             (no amulet)
HPRegen  0.15/turn              m - ring of see invisible
MPRegen  0.10/turn              (no ring)

@: no status effects
A: change form in water, swift swim, stealthy swim
a: no special abilities


You were on level 3 of the Dungeon.
You were not hungry.

You visited 1 branch of the dungeon, and saw 4 of its levels.

You collected 156 gold pieces.

Inventory:

Hand Weapons
 a - a +0 trident (weapon)
Missiles
 d - 3 throwing nets (quivered) {!f}
Armour
 c - a +0 helmet (worn)
 n - a +0 ring mail of poison resistance (worn)
Jewellery
 b - an uncursed ring of wizardry
 m - a ring of see invisible (left hand)
Scrolls
 e - a scroll of teleportation {unknown}
 g - a scroll of blinking {unknown}
 j - a scroll of remove curse
 l - a scroll of identify
Potions
 h - 2 potions of agility
 i - a potion of might {unknown}
Comestibles
 f - 9 rations {!d}


   Skills:
 + Level 3.5 Fighting
 * Level 7.7 Polearms
 + Level 3.1 Throwing
 + Level 5.4 Dodging
 - Level 0.1 Stealth


You had 5 spell levels left.
You didn't know any spells.
Your spell library was empty.

Dungeon Overview and Level Annotations

Branches:
Dungeon (4/12)
 Temple: D:4-7

Altars:
Gozag
Hepliaklqana
Nemelex Xobeh

Shops:
D:3 *

Annotations:
D:2 1 transporter
D:4 Pikel


Message History

You can't go up here!
You climb downwards.
Level annotation: Pikel A slave comes into view.
The slave shouts!
The ogre hits you with a +0 giant club! The slave misses you.
A quokka comes into view.
The hobgoblin hits you with a +0 club.
The ogre hits you with a +0 giant club!!
Ouch! That really hurt!
* * * LOW HITPOINT WARNING * * *
The slave hits you but does no damage.
There is a stone staircase leading up, spattered with blood here.
The hobgoblin barely misses you. The orc barely misses you.
The slave barely misses you.
You climb upwards.
There is a stone staircase leading down here.
The orc hits you but does no damage. The slave closely misses you.
The orc misses you. The slave hits you!
You die...

#≈≈≈≈≈≈≈....###
#######...### #
#....### #
###########.#### ###
#...........# ##..
#.........#.#######..#
#........##....#.....#
#...p.......#.....####
#..gO@...........##
#...o.......#...##
#.............#.#
#...........###.#
#...........###.####
#....).............###
######..............##
##.....###.##..##
#.##..# #.##....


You could see an ogre, a slave, an orc and a hobgoblin.

Vanquished Creatures
  A phantom (D:3)
  A scorpion (D:3)
  A howler monkey (D:3)
  2 orc wizards (D:3)
  An adder (D:3)
  An ooze (D:2)
  2 worms (D:2)
  4 dart slugs
  A leopard gecko (D:3)
  9 orcs
  2 giant cockroaches (D:1)
  10 hobgoblins
  7 jackals (D:1)
  5 kobolds
  A quokka (D:2)
  2 ball pythons (D:1)
  11 bats
  4 goblins
  3 rats
68 creatures vanquished.

Notes
Turn   | Place    | Note
-------+----------+-------------------------------------------
     0 | D:1      | Leekoo the Merfolk Gladiator began the quest for the Orb.
     0 | D:1      | Reached XP level 1. HP: 16/16 MP: 1/1
   178 | D:1      | Reached skill level 5 in Polearms
   178 | D:1      | Reached XP level 2. HP: 17/22 MP: 2/2
   443 | D:1      | Reached XP level 3. HP: 27/27 MP: 3/3
  1223 | D:2      | Found a sparkling altar of Nemelex Xobeh.
  1223 | D:2      | Found a transporter.
  1223 | D:2      | Noticed a black bear
  1314 | D:2      | Reached skill level 6 in Polearms
  1599 | D:3      | Noticed a phantom
  1659 | D:2      | Reached XP level 4. HP: 32/34 MP: 4/4
  1994 | D:3      | Reached XP level 5. HP: 36/40 MP: 5/5
  2328 | D:3      | Killed a phantom
  2328 | D:3      | Reached skill level 7 in Polearms
  2328 | D:3      | Reached skill level 5 in Dodging
  2328 | D:3      | Reached XP level 6. HP: 27/47 MP: 6/6
  2585 | D:3      | Found an opulent altar of Gozag.
  2586 | D:3      | Found Gozag's Platinum Reserve.
  2675 | D:3      | Found a hazy altar of Hepliaklqana.
  2867 | D:4      | Noticed Pikel
  2867 | D:4      | Noticed a slave
  2916 | D:4      | Noticed a slave
  2954 | D:4      | Noticed a slave
  2972 | D:4      | Noticed a slave
  2976 | D:3      | Slain by a slave

Skill      XL: |  1  2  3  4  5  6 |
---------------+-------------------+-----
Polearms       | 5 6 7 |  7.7
Fighting       | 3 |  3.5
Dodging        | 5 |  5.4
Throwing       | 3 |  3.1
Stealth        | |  0.1

Action                   |  1- 3 |  4- 6 || total
-------------------------+-------+-------++-------
Melee: Trident           |   136 |   145 ||   281
  Use: Scroll            |       |     3 ||     3
 Stab: Sleeping          |     1 |       ||     1
  Eat: Chunk             |     2 |     5 ||     7
Armor: Leather armour    |    19 |       ||    19
       Ring mail         |     5 |    36 ||    41
Dodge: Dodged            |    66 |    78 ||   144
